 Dungeon Crawl Stone Soup version 0.30-a0-777-ga9a30cbeda (webtiles) character file.

Game seed: 6964424491072709987

7416 jimonade the Ogre Mage (level 11, -21/92 (93) HPs)
             Began as an Ogre Fire Elementalist on Feb 13, 2023.
             Demolished by an unseen horror simulacrum (27 damage)
             ... on level 10 of the Dungeon.
             The game lasted 00:28:01 (12380 turns).

jimonade the Ogre Mage (Ogre Fire Elementalist)    Turns: 12380, Time: 00:28:01

HP:   -21/92 (93)   AC:  8    Str: 18    XL:     11   Next: 14%
MP:   20/27         EV: 10    Int: 16    God:
Gold: 228           SH:  0    Dex:  9    Spells: 32/35 levels left

rFire   + + .      SeeInvis .    a - staff of fire
rCold   x . .      Faith    .    (no shield)
rNeg    . . .      Spirit   .    G - +0 troll leather armour {Pargi}
rPois   +          Reflect  .    (helmet restricted)
rElec   .          Harm     .    X - +2 cloak
rCorr   .          Rampage  .    (gloves unavailable)
Will    ++...                    (boots unavailable)
Stlth   +                        (no amulet)
HPRegen 1.15/turn                c - ring of fire
MPRegen 0.20/turn                D - ring of Due Proportion {rPois Will+}

@: lightly drained
A: large, unfitting armour, tough skin 1
a: no special abilities


You were on level 10 of the Dungeon.
You visited 2 branches of the dungeon, and saw 11 of its levels.
You also visited: Sewer.

You collected 466 gold pieces.
You spent 238 gold pieces at shops.

Inventory:

Hand Weapons
 b - the +10 flail of Exhibitionism {heavy, Drain rElec Str-2 Int+9}
   (You bought it in a shop on level 9 of the Dungeon)

   Str:       It affects your strength (-2).
   Int:       It affects your intelligence (+9).
   rElec:     It insulates you from electricity.
   Drain:     It drains your maximum health when unequipped.
 h - a +4 whip
 y - a +1 whip of electrocution
 A - a +3 flail of draining
 I - a +0 giant spiked club of venom
 S - a +0 whip
 W - a +0 flail of holy wrath
Missiles
 o - 74 stones
 w - 8 boomerangs
 U - 3 boomerangs of dispersal
 V - 22 poisoned darts
Armour
 x - a +0 robe
 G - a +0 troll leather armour (worn) {Pargi}
 Q - +0 steam dragon scales
 X - a +2 cloak (worn)
Magical Staves
 a - a staff of fire (weapon)
Jewellery
 c - a ring of fire (left hand)
 e - a ring of wizardry
 g - a ring of willpower
 p - a ring of positive energy
 r - a +6 ring of intelligence
 z - a +6 ring of strength
 D - the ring of Due Proportion (right hand) {rPois Will+}
   (You found it on level 4 of the Dungeon)

   [ring of poison resistance]

   rPois:     It protects you from poison.
   Will:      It increases your willpower.
 K - a ring of poison resistance
 L - a ring of ice
Wands
 C - a wand of mindburst (8)
 N - a wand of flame (31)
 R - a wand of polymorph (6)
Scrolls
 d - 6 scrolls of teleportation
 f - a scroll of vulnerability
 n - a scroll of amnesia
 q - 5 scrolls of blinking
 t - 2 scrolls of identify
 u - a scroll of immolation
 E - a scroll of silence {unknown}
 J - a scroll of enchant weapon
Potions
 i - 2 potions of resistance
 j - 2 potions of haste
 k - 4 potions of curing
 l - 3 potions of attraction
 m - a potion of heal wounds
 s - 3 potions of brilliance
 v - a potion of berserk rage
 B - 3 potions of mutation
 H - a potion of invisibility
 M - 3 potions of magic
 P - a potion of lignification {unknown}
 T - 2 potions of flight


   Skills:
 + Level 1.9 Fighting
 * Level 3.3 Maces & Flails
 + Level 2.8 Armour
 + Level 3.5 Dodging
 - Level 1.4 Stealth
 - Level 12.7 Spellcasting
 + Level 1.5 Conjurations
 + Level 9.9 Fire Magic


You had 32 spell levels left.
You knew the following spells:

 Your Spells              Type           Power      Damage    Failure   Level
a - Foxfire               Conj/Fire      100%       2x1d9     1%          1
b - Scorch                Fire           100%       2d10      1%          2

Your spell library contained the following spells:

 Spells                   Type           Power      Damage    Failure   Level
 Inner Flame              Hex/Fire       55%        N/A       3%          3
 Kindle Blastsparks       Fire/Tloc/Air  92%        2d17      6%          3
 Flame Wave               Conj/Fire      59%        2d14      8%          4
 Apportation              Tloc           20%        N/A       9%          1
 Beastly Appendage        Tmut           20%        N/A       9%          1
 Slow                     Hex            40%        N/A       9%          1
 Blink                    Tloc           20%        N/A       12%         2
 Ensorcelled Hibernation  Hex/Ice        20%        N/A       12%         2
 Passwall                 Tmut/Erth      8%         N/A       12%         2
 Sublimation of Blood     Necr           10%        N/A       12%         2
 Wereblood                Tmut           10%        N/A       12%         2
 Confusing Touch          Hex            10%        N/A       24%         3
 Swiftness                Air            10%        N/A       24%         3
 Vampiric Draining        Necr           10%        2d6       24%         3
 Leda's Liquefaction      Hex/Erth       5%         N/A       63%         4
 Manifold Assault         Tloc           10%        N/A       63%         4
 Summon Ice Beast         Ice/Summ       10%        N/A       63%         4
 Alistair's Intoxication  Tmut/Pois      6%         N/A       92%         5
 Summon Mana Viper        Hex/Summ       10%        N/A       92%         5
 Yara's Violent Unravell  Hex/Tmut       5%         3d4       92%         5
 Monstrous Menagerie      Summ           5%         N/A       100%        7
 Storm Form               Tmut/Air       5%         N/A       100%        7
 Summon Hydra             Summ           5%         N/A       100%        7


Dungeon Overview and Level Annotations

Branches:
Dungeon (10/15)            Temple (1/1) D:7           Sewer (visited)
   Lair: D:8-11         Orc: D:9-12

Altars:
Ashenzari
Cheibriados
Dithmenos
Elyvilon
Fedhas
Gozag
Hepliaklqana
Kikubaaqudgha
Makhleb
Nemelex Xobeh
Okawaru
Qazlal
Ru
Sif Muna
Trog
Uskayaw
Vehumet
Wu Jian
Xom
Yredelemnul
Zin
The Shining One

Shops:
D:2 !   D:3 :   D:6 !   D:8 *   D:9 :([(*

Annotations:
D:8 exclusion: downstairs


Innate Abilities, Weirdness & Mutations

You are too large for most types of armour.
You have tough skin. (AC +1)


Message History

The unseen horror simulacrum closely misses you.
Casting: Scorch (safe; 1% risk of failure)
Confirm with . or Enter, or press ? or * to list all spells.
You feel a strong surge of power!
Flames lash the gnoll sergeant.
The gnoll sergeant is burned terribly!
The gnoll sergeant is heavily wounded.
You hear a shout!
The unseen horror simulacrum hits you.
The unseen horror simulacrum freezes you!!
You feel a terrible chill!
The unseen horror simulacrum hits you but does no damage.
The unseen horror simulacrum closely misses you.
The gnoll sergeant hits you from afar with a +0 heavy spear.
The unseen horror simulacrum hits you.
The unseen horror simulacrum freezes you!!
You feel a terrible chill!
The unseen horror simulacrum misses you.
The unseen horror simulacrum attacks as you move away!
The unseen horror simulacrum hits you but does no damage.
The unseen horror simulacrum hits you.
The unseen horror simulacrum freezes you!
You feel a terrible chill!
* * * LOW HITPOINT WARNING * * *
The unseen horror simulacrum hits you but does no damage.
The unseen horror simulacrum attacks as you move away!
The unseen horror simulacrum hits you but does no damage.
The unseen horror simulacrum completely misses you.
There is an open door here.
The unseen horror simulacrum hits you.
* * * LOW HITPOINT WARNING * * *
The unseen horror simulacrum freezes you!
You feel a terrible chill!
* * * LOW HITPOINT WARNING * * *
The unseen horror simulacrum hits you but does no damage.
The unseen horror simulacrum hits you but does no damage.
The unseen horror simulacrum hits you.
* * * LOW HITPOINT WARNING * * *
The unseen horror simulacrum freezes you!!
You feel a terrible chill!
You die...

#..'......[.....#.'........
####...Z.g......###........
###########'## #........
##..# ######### #####..##
##### #...g.## #....
#######'##############....
#####
#.......Z.....##.....'....
....#
#........@....#..#####....
....####.............'.##
#....
..†.)..#.........<...###
#....
....##.'.............#
#....
....####.............#
#.<.. ##### #.............#
#.... ###'##############
####. #+### #.### ###...###
#. ....# #...# #.......# #.


You could see an unseen horror simulacrum (combustible).

Vanquished Creatures
  Erolcha (D:9)
  A centaur warrior (D:9)
  A two-headed ogre (D:10)
  2 cyclopes (D:8)
  Grinder (D:4)
  Prince Ribbit (D:4)
  A yak (D:10)
  A wraith (D:10)
  A wyvern (D:10)
  A steam dragon (D:6)
  2 ice beasts (D:6)
  A sky beast (D:7)
  Pargi (Sewer)
  3 ogres (D:5)
  A phantom (D:5)
  3 centaurs
  Blork the orc (D:5)
  3 necrophages
  2 kobold brigands
  4 bullfrogs
  12 wights
  3 scorpions
  6 killer bees
  5 howler monkeys
  A gnoll bouda (D:8)
  5 hounds
  6 jellies
  4 orc priests
  8 iguanas
  8 orc wizards
  3 gnolls (D:8)
  11 adders
  A shadow imp (D:6)
  2 ufetubi
  A worm (D:3)
  2 dart slugs (D:1)
  18 orcs
  9 ball pythons
  10 bats
  5 endoplasms
  2 giant cockroaches
  10 goblins
  10 hobgoblins
  2 quokkas (D:1)
  3 frilled lizards
  22 kobolds
  5 rats
206 creatures vanquished.

Vanquished Creatures (others)
  122 foxfires
  3 plants (D:10)
125 creatures vanquished.

Grand Total: 331 creatures vanquished

Notes
Turn   | Place    | Note
-------+----------+-------------------------------------------
     0 | D:1      | jimonade the Ogre Fire Elementalist began the quest for the
                  | Orb.
     0 | D:1      | Reached XP level 1. HP: 16/16 MP: 3/3
   206 | D:1      | Reached XP level 2. HP: 24/24 MP: 3/5
   330 | D:1      | Reached skill level 1 in Conjurations
   529 | D:1      | Reached XP level 3. HP: 26/31 MP: 1/7
   661 | D:1      | Learned a level 2 spell: Scorch
   850 | D:1      | Reached skill level 3 in Spellcasting
  1560 | D:2      | Found Yclamop's Distillery.
  2242 | D:3      | Found an iron altar of Okawaru.
  2367 | D:3      | Reached XP level 4. HP: 39/39 MP: 6/9
  2746 | D:3      | Found an ancient bone altar of Kikubaaqudgha.
  2752 | D:3      | Found a shimmering blue altar of Sif Muna.
  2754 | D:3      | Found a radiant altar of Vehumet.
  2759 | D:3      | Got Sif Muna's Directory of Transfiguration
  2802 | D:3      | Reached skill level 4 in Spellcasting
  2902 | D:3      | Found Ogedonen's Book Shoppe.
  3159 | D:3      | Reached XP level 5. HP: 28/45 MP: 2/11
  3848 | D:4      | Reached skill level 5 in Spellcasting
  3975 | D:4      | Reached XP level 6. HP: 53/53 MP: 5/14
  4407 | D:4      | Noticed Grinder
  4415 | D:4      | Killed Grinder
  4416 | D:4      | Reached skill level 6 in Spellcasting
  4416 | D:4      | Reached XP level 7. HP: 47/61 MP: 6/16
  4522 | D:4      | Identified the ring of Due Proportion {rPois Will+}
  4866 | D:5      | Entered Level 5 of the Dungeon
  4937 | D:5      | Found a glowing drain.
  4945 | Sewer    | Entered a sewer
  5101 | Sewer    | Noticed Pargi
  5104 | Sewer    | Killed Pargi
  5105 | Sewer    | Reached skill level 7 in Spellcasting
  5105 | Sewer    | Reached skill level 5 in Fire Magic
  5267 | D:5      | Noticed Prince Ribbit
  5291 | D:4      | Killed Prince Ribbit
  5292 | D:4      | Reached XP level 8. HP: 10/68 MP: 9/19
  5356 | D:5      | Reached skill level 8 in Spellcasting
  5505 | D:5      | Reached skill level 1 in Fighting
  5511 | D:5      | Reached skill level 9 in Spellcasting
  5520 | D:5      | Reached skill level 1 in Armour
  5724 | D:5      | Noticed Blork the orc
  5733 | D:5      | Killed Blork the orc
  5877 | D:5      | Found a hazy altar of Hepliaklqana.
  6188 | D:6      | Reached XP level 9. HP: 76/76 MP: 15/22
  6442 | D:6      | Found Useminnu's Distillery.
  6488 | D:6      | Reached skill level 10 in Spellcasting
  7942 | D:7      | Reached skill level 11 in Spellcasting
  8081 | D:7      | Found a staircase to the Ecumenical Temple.
  8098 | Temple   | Entered the Ecumenical Temple
  8893 | D:7      | Found a burning altar of Makhleb.
  9069 | D:8      | Reached XP level 10. HP: 60/84 MP: 14/25
  9069 | D:8      | Noticed a cyclops
  9091 | D:8      | Killed a cyclops
  9092 | D:8      | Reached skill level 12 in Spellcasting
  9618 | D:8      | Identified the +0 chain mail of Athiuz {Rampage rCorr}
  9695 | D:8      | Found a shimmering altar of Xom.
  9706 | D:8      | Found Caawam's Mayhem Merchandise.
  9715 | D:8      | Noticed a cyclops
  9725 | D:8      | Killed a cyclops
 10686 | D:9      | Noticed a centaur warrior
 10841 | D:9      | Found Zaiwysucw's Assorted Antiques.
 10891 | D:9      | Noticed Erolcha
 10907 | D:9      | Killed Erolcha
 10908 | D:9      | Reached skill level 1 in Maces & Flails
 11007 | D:9      | Killed a centaur warrior
 11095 | D:9      | Got Wotigey's Catalogue of Ill Luck
 11104 | D:9      | Found Zeliw's Antique Weapon Boutique.
 11109 | D:9      | Bought a steaming flail for 238 gold pieces
 11109 | D:9      | Identified the +10 flail of Exhibitionism {heavy, Drain
                  | rElec Str-2 Int+9} (You bought it in a shop on level 9 of
                  | the Dungeon)
 11124 | D:9      | Found Gashruv's Armour Shoppe.
 11317 | D:9      | Found Celuan's Book Shop.
 11411 | D:9      | Found a sacrificial altar of Ru.
 11486 | D:9      | Found Seaxumo's Weapon Shoppe.
 11636 | D:10     | Entered Level 10 of the Dungeon
 11853 | D:10     | Noticed a two-headed ogre
 11860 | D:10     | Killed a two-headed ogre
 11861 | D:10     | Reached XP level 11. HP: 88/93 MP: 20/27
 11896 | D:10     | Found a sparkling altar of Nemelex Xobeh.
 11902 | D:10     | Found a white marble altar of Elyvilon.
 11904 | D:10     | Found a bloodstained altar of Trog.
 11906 | D:10     | Found a stormy altar of Qazlal.
 11906 | D:10     | Found a shadowy altar of Dithmenos.
 11909 | D:10     | Found a hide-covered altar of Uskayaw.
 11909 | D:10     | Found a glowing golden altar of the Shining One.
 12288 | D:10     | Found a blossoming altar of Fedhas.
 12380 | D:10     | Demolished by an unseen horror simulacrum

Illustrated notes

Levels and vault maps discovered:
D:1:      denvon_arrival_planthouse, layout_basic, serial_corexii_hall,
          corexii_hall_statues_s, corexii_hall_statues_x,
          corexii_hall_statues_l, corexii_hall_statues_x, minivault_14
D:2:      layout_loops_ring, serial_shops, shop
D:3:      layout_loops_corners, grunt_temple_overflow_magic_moments,
          okawaru_trees_1, serial_shops, nicolae_diamond_shop
D:4:      layout_rooms, serial_co_window_serial, co_window_of_opportunity_a,
          co_window_corner_a, co_window_corner_a, co_window_paths_a,
          co_window_paths_a, co_window_of_opportunity_a, co_window_paths_a,
          co_window_unsneaky_path_a, co_window_broadway_b, co_window_broadway_a,
          co_window_broadway_b, co_window_unsneaky_path_e, co_window_4corner_b,
          co_window_paths_d, glass_columns_b, glass_columns_b, glass_columns_a,
          glass_columns_c, glass_columns_a, uniq_grinder
D:5:      layout_rooms, nzn_hepliaklqana_mist_gate, portal_sewer_entry_a,
          minmay_bent, uniq_blork_the_orc, uniq_prince_ribbit1
D:6:      layout_loops_ring, serial_shops, nicolae_shop_trees,
          minmay_misc_feat_plants
D:7:      layout_loops_cross, kennysheep_mini, minmay_temple_entry_antechambers,
          st_stairs_6
D:8:      layout_loops_corners, mainiacjoe_overflow_surrounded_room,
          minmay_shop_mayhem
D:9:      layout_roguey, lemuel_crystal_altar, serial_shops,
          nicolae_shop_statue_plus, nicolae_shop_temple_entry_statues_fountains,
          nicolae_shop_window_shopping, nicolae_shop_hallway_plus,
          shop_fountains, uniq_erolcha
D:10:     layout_roguey, grunt_temple_overflow_open, general_overflow_altar,
          lemuel_crystal_altar, minmay_misc_feat_rugged, minmay_shattered_shrine
Temple:   hellmonk_temple_beads

Skill      XL: |  1  2  3  4  5  6  7  8  9 10 |
---------------+-------------------------------+-----
Fire Magic     | 3 4 5 6 7 9 |  9.9
Conjurations   | 1 |  1.5
Dodging        | 2 3 |  3.5
Spellcasting   | 3 4 5 6 7 9 11 12 | 12.7
Fighting       | 1 |  1.9
Armour         | 1 2 |  2.8
Maces & Flails | 3 |  3.3
Stealth        | |  1.4

Action                     |  1- 3 |  4- 6 |  7- 9 | 10-12 || total
---------------------------+-------+-------+-------+-------++-------
  Melee: Unarmed           |     2 |       |       |       ||     2
         Quarterstaff      |       |     5 |       |       ||     5
         Whip              |       |       |     1 |       ||     1
         Staff             |       |       |       |     1 ||     1
   Cast: Foxfire           |    43 |     9 |    11 |    14 ||    77
         Scorch            |    14 |    43 |   163 |   106 ||   326
    Use: Scroll            |       |       |     9 |    14 ||    23
         Potion            |       |       |     1 |       ||     1
 Armour: Robe              |    13 |     3 |     3 |       ||    19
         Troll leather arm |       |       |    23 |    34 ||    57
  Dodge: Dodged            |    13 |     7 |    41 |    41 ||   102

Table legend: (Time is in decaauts)
 A = Elapsed time spent in this place.
 B = Non-inter-level travel time spent in this place.
 C = Inter-level travel time spent in this place.
 D = Time resting spent in this place.
 E = Time spent auto-exploring this place.
 F = Levels seen in this place.
 G = Mean time per level.
                   A        B        C        D        E       F      G
               +--------+--------+--------+--------+--------+-----+--------+
         Total |  12405 |  11870 |    535 |   1728 |   8063 |  12 | 1033.8 |
       Dungeon |  12007 |  11484 |    523 |   1690 |   7794 |  10 | 1200.7 |
        Temple |    107 |     95 |     12 |      0 |     89 |   1 |  107.0 |
         Sewer |    289 |    289 |      0 |     38 |    180 |   1 |  289.0 |
               +--------+--------+--------+--------+--------+-----+--------+

Top non-repeatable levels by time:
     D:8: 1655 daAuts
     D:6: 1617 daAuts
     D:3: 1417 daAuts
     D:1: 1395 daAuts
     D:7: 1341 daAuts
     D:4: 1319 daAuts
     D:5: 997 daAuts
     D:2: 831 daAuts
    D:10: 762 daAuts
     D:9: 668 daAuts
   Sewer: 289 daAuts
  Temple: 107 daAuts
